 Dungeon Crawl Stone Soup version 0.23.2-1-ga50397a6bc (webtiles) character file.

Game seed: 4275966141396054945

91 Gumption the Cudgeler (level 4, -4/28 HPs)
             Began as a Gargoyle Gladiator on May 27, 2019.
             Slain by Sigmund
             ... wielding a +4 scythe of freezing
              (5 damage)
             ... on level 2 of the Dungeon.
             The game lasted 00:09:07 (2202 turns).

Gumption the Cudgeler (Gargoyle Gladiator)          Turns: 2202, Time: 00:09:08

Health: -4/28      AC:  9    Str: 19    XL:     4   Next: 59%
Magic:  4/4        EV: 11    Int:  8    God:
Gold:   113        SH:  0    Dex: 11    Spells: 3/3 levels left

rFire    . . .     SeeInvis .   a - +0 flail
rCold    . . .     Gourm    .   (no shield)
rNeg     + . .     Faith    .   i - +0 ring mail
rPois    ∞         Spirit   .   c - +0 helmet
rElec    +         Reflect  .   (no cloak)
rCorr    .         Harm     .   (no gloves)
MR       .....                  (no boots)
Stlth    +.........             (no amulet)
HPRegen  0.09/turn              (no ring)
MPRegen  0.09/turn              (no ring)

@: no status effects
A: negative energy resistance 1, electricity resistance, unbreathing,
petrification resistance, rot immunity, AC +3
a: no special abilities


You were on level 2 of the Dungeon.
You were not hungry.

You visited 1 branch of the dungeon, and saw 2 of its levels.

You collected 113 gold pieces.

Inventory:

Hand Weapons
 a - a +0 flail (weapon)
 b - a +0 hunting sling
Missiles
 d - 3 throwing nets (quivered)
 g - 68 stones
 n - 19 sling bullets
Armour
 c - a +0 helmet (worn)
 i - a +0 ring mail (worn)
Jewellery
 j - an uncursed amulet of magic regeneration {unknown}
Scrolls
 f - a scroll of teleportation {unknown}
 m - a scroll of identify {unknown}
 o - 3 scrolls of magic mapping {unknown}
 p - a scroll of amnesia {unknown}
Potions
 h - a potion of brilliance {unknown}
 k - 2 potions of degeneration {unknown}
Comestibles
 e - 5 rations


   Skills:
 + Level 3.1 Fighting
 * Level 4.2 Maces & Flails
 + Level 2.5 Throwing
 + Level 0.3 Armour
 - Level 2.4 Dodging


You had 3 spell levels left.
You didn't know any spells.
Your spell library was empty.

Dungeon Overview and Level Annotations

Branches:
Dungeon (2/15)

Altars:

Annotations:
D:2 Sigmund


Innate Abilities, Weirdness & Mutations

You are resistant to torment.
Your stone body is resilient. (AC +3)
You are immune to poison.
You resist negative energy. (rN+)
You are resistant to electric shocks. (rElec)
You can survive without breathing.
You are immune to petrification.
You are immune to rotting.


Message History

Sigmund hits you with a +4 scythe of freezing!
Sigmund freezes you.
a - a +0 flail (weapon)
You barely miss Sigmund.
Sigmund is moderately wounded.
Sigmund hits you but does no damage.
Your ring mail prevents you from hitting Sigmund.
Sigmund is moderately wounded.
Sigmund barely misses you.
You hit Sigmund.
Sigmund is moderately wounded.
You hit Sigmund.
Sigmund is moderately wounded.
Sigmund gestures wildly while chanting.
Sigmund flickers and vanishes!
Deactivating autopickup; reactivate with Ctrl-A.
You sock something! Something hits you!
* * * LOW HITPOINT WARNING * * *
Something freezes you.
You die...

#≈# #.# #..##..#######
#≈###.# #..##........#
###≈≈##.# ### #..###.#####.#
.#.≈≈...###.####..###.#####.#
..≈≈≈.......................#
##≈≈≈...###.......###.#####.#
#..≈≈...# #..###((# #.# #.#
#..≈....###..###{.###.#####.#
#..≈≈.≈.........@...........#
...≈≈.≈≈........>.....#######
#.≈≈.≈..###........#..#
#≈.≈≈.≈≈# #..##..#.#..#
#≈.≈≈...###..##.......#
...≈≈≈........##...#..#
#).≈≈...###...##...#..#
#..≈≈..≈###....#...#..#
...≈≈...........[.....#


There were no monsters in sight!

Vanquished Creatures
  A gnoll (D:1)
  2 adders (D:2)
  An ooze (D:2)
  2 worms (D:2)
  3 leopard geckos
  A ball python (D:1)
  3 bats
  6 giant cockroaches
  7 goblins
  3 hobgoblins
  8 kobolds
  6 frilled lizards
  6 rats
49 creatures vanquished.

Notes
Turn   | Place    | Note
-------+----------+-------------------------------------------
     0 | D:1      | Gumption the Gargoyle Gladiator began the quest for the
                  | Orb.
     0 | D:1      | Reached XP level 1. HP: 12/12 MP: 1/1
   140 | D:1      | Reached XP level 2. HP: 9/18 MP: 2/2
   699 | D:1      | Reached XP level 3. HP: 14/22 MP: 3/3
  1273 | D:2      | Noticed Sigmund
  1497 | D:2      | Reached skill level 4 in Maces & Flails
  1497 | D:2      | Reached XP level 4. HP: 23/27 MP: 4/4
  2202 | D:2      | HP: 1/28 [something (11)]
  2202 | D:2      | Slain by Sigmund

Skill      XL: |  1  2  3  4 |
---------------+-------------+-----
Throwing       | 2 |  2.5
Maces & Flails | 4 |  4.2
Fighting       | 3 |  3.1
Armour         | |  0.3
Dodging        | |  2.4

Action                   |  1- 3 |  4- 6 || total
-------------------------+-------+-------++-------
Melee: Flail             |   146 |    21 ||   167
 Fire: Hunting sling     |     9 |    33 ||    42
Throw: Stone             |    10 |       ||    10
  Eat: Chunk             |     2 |     2 ||     4
Armor: Ring mail         |    57 |    11 ||    68
       Leather armour    |     2 |       ||     2
Dodge: Dodged            |   113 |    15 ||   128
